AoeStats
← a4rkangel

Arabia

504639602Analyzed
1v1 RM · 27d ago on Sep 6, 2026· 26m 55s· 2 players
Game mode
Random Map
Map size
Tiny (2 player)
Population
200
Speed
Normal
Resources
Standard
Victory
Conquest
Starting age
Dark Age
Ending age
Imperial Age
RankedLock teamsTeams togetherTeam positionsShared explorationLock speedFull tech treeHidden civsTurbo modeCheats
Victory
Defeat
🇨🇱 Magyars · Chile
712
+19
🇺🇸 Persians · United States
768
-19
a4rkangel
8:12 Loom
10:29 Feudal Age
12:20 Man-at-Arms
23:22 Castle Age
21:19 Horse Collar
21:50 Scale Mail Armor
21:38 Arson
22:09 Double-Bit Axe
22:24 Stone Mining
24:33 Long Swordsman
26:54 Chain Mail Armor
DietColarrrr
5:56 Loom
10:35 Feudal Age
11:51 Double-Bit Axe
18:26 Bloodlines
18:23 Scale Barding Armor
18:29 Forging
24:14 Scale Mail Armor
Connection lost

Rejoining the realm…

Still unreachable

The connection could not be restored.

Session expired

The server has moved on; the page needs a fresh start.